 Dungeon Crawl Stone Soup version 0.20.1-1-g8b1a95d (webtiles) character file.

602 ucho the Chopper (level 7, -3/61 HPs)
             Began as a Minotaur Berserker on Dec 3, 2017.
             Was an Elder of Trog.
             Slain by an iron imp (4 damage)
             ... summoned by Eustachio
             ... on level 4 of the Dungeon.
             The game lasted 00:13:06 (3614 turns).

ucho the Chopper (Minotaur Berserker)               Turns: 3614, Time: 00:13:07

Health: -3/61      AC:  1    Str: 21    XL:     7   Next: 18%
Magic:  6/6        EV: 14    Int:  4    God:    Trog [****..]
Gold:   169        SH:  0    Dex: 12    Spells: 6/6 levels left

rFire    . . .     SeeInvis .   a - +0 hand axe
rCold    . . .     Gourm    .   (no shield)
rNeg     . . .     Faith    .   (no armour)
rPois    .         Spirit   .   (helmet restricted)
rElec    .         Reflect  .   t - +0 cloak
rCorr    .         Harm     .   (no gloves)
MR       .....                  (no boots)
Stlth    ++........             (no amulet)
Regen    0.2/turn               A - ring of stealth
MPRegen  0.1/turn               (no ring)

@: berserk cooldown, slowed, very slow
A: retaliatory headbutt, horns 2
a: Berserk, Trog's Hand, Brothers in Arms, Burn Spellbooks, Renounce Religion


You were on level 4 of the Dungeon.
You worshipped Trog.
Trog was greatly pleased with you.
You were not hungry.

You visited 1 branch of the dungeon, and saw 4 of its levels.

You collected 169 gold pieces.

Inventory:

Hand Weapons
 a - a +0 hand axe (weapon)
Armour
 t - a +0 cloak (worn)
 B - a +0 ring mail
 D - a +0 chain mail
Jewellery
 A - a ring of stealth (left hand)
Scrolls
 f - a scroll of enchant weapon {unknown}
 g - 2 scrolls of remove curse
 h - a scroll of amnesia {unknown}
 k - a scroll of noise {unknown}
 l - 2 scrolls of teleportation
 o - 2 scrolls of identify {unknown}
 r - a scroll of enchant armour {unknown}
 w - a scroll of blinking {unknown}
 y - a scroll of fog {unknown}
Potions
 e - 2 potions of lignification
 i - 4 potions of flight {unknown}
 j - 2 potions of cancellation
 m - a potion of berserk rage {unknown}
 n - 3 potions of heal wounds {unknown}
 p - 2 potions of brilliance {unknown}
 q - a potion of haste {unknown}
 s - a potion of invisibility {unknown}
 v - a potion of mutation {unknown}
 x - 2 potions of degeneration {unknown}
 z - 2 potions of curing {unknown}
 C - a potion of resistance {unknown}
Comestibles
 c - 6 bread rations
 d - 7 fruits
 u - 2 meat rations


   Skills:
 + Level 5.0 Fighting
 * Level 7.0 Axes
 + Level 4.8 Armour
 + Level 4.4 Dodging


You had 6 spell levels left.
You didn't know any spells.

Dungeon Overview and Level Annotations

Branches:
Dungeon (4/15)
 Temple: D:4-7

Altars:
Dithmenos
Gozag
Trog

Annotations:
D:4 Eustachio


Innate Abilities, Weirdness & Mutations

You reflexively headbutt those who attack you in melee.
You have a pair of horns on your head.


Message History

The ufetubus barely misses you. The iron imp hits you.
* * * LOW HITPOINT WARNING * * *
The river rat twitches its whiskers.
The river rat completely misses you.
The ufetubus hits you but does no damage.
The ufetubus barely misses you. The iron imp hits you!
* * * LOW HITPOINT WARNING * * *
You slash the river rat!
You kill the river rat!
The river rat's corpse disappears in a puff of smoke!
You hit the ufetubus. You barely miss the iron imp. The ufetubus hits you.
* * * LOW HITPOINT WARNING * * *
The ufetubus misses you.
Eustachio yells, "Perjured traitor, DIE!"
The ufetubus closely misses you. x2
Eustachio says, "Summoning is fun!"
Eustachio hits you with a rapier of holy wrath.
* * * LOW HITPOINT WARNING * * *
The iron imp hits you.
You die...

###.###.### #.#
###.##.....# #.#
...........# #.#
####......# #.######
##.....#####.......
#r.....>....######
#####b#######.... .
#..r55# #..#######
#.###@# #......... #
#@# #).####### ..
#)#######..# # #. ###
#..........# #.#. ..##
#<..##.####.# ### #.#.#
#.###.#..#..# #.# #..
#.... #..#.##..#.## #.#
#.#
##.#..####...###..#.##
#.# #.#
.....................##
#.# #.#


You could see Eustachio, an iron imp, a river rat, an ufetubus, a quokka and a
bat.

Vanquished Creatures
  A phantom (D:4)
  A scorpion (D:4)
  A howler monkey (D:4)
  An orc priest (D:4)
  An orc wizard (D:4)
  A worker ant (D:4)
  A hound skeleton (D:4)
  Robin (D:2)
  4 gnolls (D:2)
  4 river rats (D:3)
  11 adders
  7 worms
  9 orcs
  A ball python (D:1)
  9 bats
  A bat zombie (D:1)
  5 giant cockroaches
  10 goblins
  15 hobgoblins
  10 jackals
  A quokka (D:2)
  5 frilled lizards
  13 kobolds
  A leopard gecko zombie (D:1)
  13 rats
127 creatures vanquished.

Notes
Turn   | Place    | Note
-------+----------+-------------------------------------------
     0 | D:1      | ucho the Minotaur Berserker began the quest for the Orb.
     0 | D:1      | Reached XP level 1. HP: 19/19 MP: 0/0
    81 | D:1      | Reached XP level 2. HP: 26/27 MP: 1/1
   117 | D:1      | Reached skill level 4 in Axes
   120 | D:1      | Reached ** piety under Trog
   413 | D:1      | Reached XP level 3. HP: 33/33 MP: 2/2
   869 | D:2      | Found a shadowy altar of Dithmenos.
  1004 | D:2      | Reached XP level 4. HP: 19/40 MP: 3/3
  1321 | D:2      | Noticed Robin
  1328 | D:2      | Killed Robin
  1328 | D:2      | Reached skill level 5 in Axes
  1365 | D:2      | Reached *** piety under Trog
  1639 | D:2      | Found an opulent altar of Gozag.
  1847 | D:3      | Reached XP level 5. HP: 39/46 MP: 4/4
  1866 | D:3      | Found a bloodstained altar of Trog.
  1954 | D:3      | HP: 3/69 [poisoned by an adder]
  1960 | D:3      | HP: 2/69 [poisoned by an adder]
  1968 | D:3      | HP: 2/69 [poisoned by an adder]
  2142 | D:3      | Found a glowing drain.
  2587 | D:3      | Reached XP level 6. HP: 48/53 MP: 5/5
  2666 | D:3      | Reached skill level 6 in Axes
  2724 | D:3      | Reached **** piety under Trog
  3385 | D:4      | Reached XP level 7. HP: 44/60 MP: 6/6
  3579 | D:4      | Reached skill level 5 in Fighting
  3582 | D:4      | Reached skill level 7 in Axes
  3600 | D:4      | Noticed Eustachio
  3614 | D:4      | HP: 1/61 [Eustachio/rapier of holy wrath (3)]
  3614 | D:4      | Slain by an iron imp

Skill      XL: |  1  2  3  4  5  6  7 |
---------------+----------------------+-----
Axes           | 4 5 6 7 |  7.0
Armour         | 3 4 |  4.8
Fighting       | 4 5 |  5.0
Dodging        | 3 4 |  4.4

Action                   |  1- 3 |  4- 6 |  7- 9 || total
-------------------------+-------+-------+-------++-------
Melee: Hand axe          |    67 |   204 |    25 ||   296
       Headbutt          |     9 |    41 |     4 ||    54
Invok: Berserk           |     2 |     3 |     1 ||     6
  Use: Potion            |       |     2 |       ||     2
       Scroll            |       |     2 |       ||     2
 Stab: Sleeping          |       |     4 |       ||     4
  Eat: Chunk             |     1 |    10 |     1 ||    12
       Royal jelly       |       |     1 |       ||     1
       Fruit             |       |       |     1 ||     1
Armor: Animal skin       |     3 |       |       ||     3
       Leather armour    |     6 |    29 |       ||    35
       Skin              |       |     4 |     1 ||     5
       Ring mail         |       |    18 |     1 ||    19
Dodge: Dodged            |    47 |   115 |    25 ||   187
